[Event "Titled Tuesday Blitz December 13 Early 2022"]
[White "Prieto Aranguren, Alain"]
[Black "Szyszylo, Rafal"]
[WhiteFideId "2268906"]
[BlackFideId "1109626"]
[WhiteElo "2209"]
[BlackElo "1981"]
[Result "1-0"]
[Round "11"]
[TimeControl "180+1"]
[Date "2022.12.14"]
[WhiteClock "0:00:05"]
[BlackClock "0:00:02"]

1. e4 d6 2. Nc3 g6 3. h4 Nf6 4. f3 Bg7 5. d4 c6 6. Be3 b5 7. Qd2 Qa5 8. g4 h5 9. g5 Nfd7 10. Nd1 Qc7 11. Nf2 e5 12. d5 a6 13. dxc6 Nxc6 14. Rd1 Ke7 15. Ne2 Rd8 16. Nc3 Kf8 17. Nd5 Qb8 18. c3 Bb7 19. Bh3 Nc5 20. Nb6 Ra7 21. Bxc5 dxc5 22. Qe3 Rxd1+ 23. Nxd1 Qd6 24. Nd7+ Kg8 25. Qxc5 Qxc5 26. Nxc5 Bf8 27. Nxb7 Rxb7 28. Ne3 Bc5 29. Nd5 Ne7 30. Ke2 Nxd5 31. exd5 b4 32. c4 Kf8 33. b3 Ke7 34. Rd1 a5 35. Kd3 Kd6 36. Ke4 a4 37. Rf1 Re7 38. f4 exf4+ 39. Kxf4 Re3 40. Rf3 Rxf3+ 41. Kxf3 axb3 42. axb3 Ke5 43. Ke2 f6 44. gxf6 Kxf6 45. Be6 Ke5 46. Kf3 Be7 47. Bf7 Bxh4 48. Bxg6 Bf6 49. Bxh5 Kd4 50. Ke2 Kc3 51. c5 Kxb3 52. d6 Be5 53. Kd3 Ka4 54. Ke4 b3 55. Kxe5 b2 56. d7 b1=Q 57. d8=Q Qe1+ 58. Kd6 1-0


[Site "https://www.chess.com"]

[Event "Titled Tuesday Blitz December 13 Early 2022"]
[White "Przybylski, Wojciech"]
[Black "Pajeken, Jakob Leon"]
[WhiteFideId "1117599"]
[BlackFideId "12942839"]
[WhiteElo "2217"]
[BlackElo "2414"]
[Result "1-0"]
[Round "11"]
[TimeControl "180+1"]
[Date "2022.12.14"]
[WhiteClock "0:00:02"]
[BlackClock "0:00:03"]

1. e4 e5 2. Nf3 Nc6 3. Bb5 a6 4. Ba4 Be7 5. O-O Nf6 6. Re1 b5 7. Bb3 d6 8. c3 O-O 9. d4 Bg4 10. Be3 Bh5 11. h3 exd4 12. cxd4 Na5 13. Bc2 Nc4 14. Bc1 c5 15. b3 Nb6 16. d5 Nfd7 17. Nbd2 Bf6 18. Rb1 a5 19. g4 Bg6 20. Nf1 a4 21. Qe2 axb3 22. axb3 Ra2 23. Qd1 Nxd5 24. Qxd5 Rxc2 25. Qd3 Rc3 26. Qe2 Re8 27. Ng3 Ne5 28. Nd2 Nd3 29. Rf1 Bd4 30. Nf3 Qf6 31. Bg5 Nf4 32. Bxf6 Nxe2+ 33. Nxe2 Rxf3 34. Bxd4 cxd4 35. Nxd4 Rxh3 36. f3 h5 37. g5 Rh4 38. Kg2 Bxe4 39. fxe4 Rexe4 40. Nf3 Rhg4+ 41. Kf2 Rgf4 42. Rfe1 Rd4 43. Rbd1 Rxd1 44. Rxd1 f6 45. g6 Rg4 46. Rxd6 Rxg6 47. Rd5 Rh6 48. Rxb5 h4 49. Kg2 g5 50. Kh3 Kg7 51. Nd4 Kg6 52. Rb8 Rh7 53. Rg8+ Kh5 54. Nf5 Rc7 55. Rh8+ Kg6 56. Nd4 Rc3+ 57. Kg2 g4 58. Ne6 Kf5 59. Nd4+ Kf4 60. Ne6+ Ke5 61. Re8 Rc2+ 62. Kf1 Kd5 63. Nf4+ Kd4 64. Ne2+ Kd3 65. Rd8+ Ke3 66. Re8+ Kf3 67. Nd4+ Kg3 68. Nxc2 h3 69. Kg1 f5 70. Nd4 f4 71. Rf8 f3 72. Nxf3 gxf3 73. b4 h2+ 74. Kh1 Kf2 75. b5 1-0


[Site "https://www.chess.com"]

[Event "Titled Tuesday Blitz December 13 Early 2022"]
[White "Raahul V S"]
[Black "D`Arruda, Ricardo D."]
[WhiteFideId "25035525"]
[BlackFideId "100692"]
[WhiteElo "2202"]
[BlackElo "2442"]
[Result "1-0"]
[Round "11"]
[TimeControl "180+1"]
[Date "2022.12.14"]
[WhiteClock "0:00:05"]
[BlackClock "0:00:09"]

1. c4 e5 2. Nc3 Nf6 3. g3 Nc6 4. Bg2 Be7 5. e3 O-O 6. Nge2 d6 7. O-O Re8 8. d4 exd4 9. exd4 Bf5 10. Be3 Bf8 11. h3 Ne4 12. d5 Nxc3 13. Nxc3 Ne5 14. b3 h6 15. g4 Bh7 16. Qd2 a6 17. f4 Nd7 18. Rae1 Nc5 19. f5 f6 20. Bf4 Kh8 21. h4 Rxe1 22. Rxe1 Nd7 23. Bh3 Ne5 24. Re3 Be7 25. Ne4 Qd7 26. Qg2 Rf8 27. Rg3 c6 28. dxc6 bxc6 29. g5 fxg5 30. f6 Qd8 31. hxg5 hxg5 32. fxe7 Qxe7 33. Bxg5 Qf7 34. Nd2 Qh5 35. Be3 Qd1+ 36. Kh2 Nd3 37. Rxg7 Ne1 38. Rxh7+ Kxh7 39. Qe4+ Kg7 40. Bd4+ Rf6 41. Qe7+ Kg8 42. Qd8+ Kh7 43. Qe7+ Kg8 44. Be6+ Rxe6 45. Qg7# 1-0


[Site "https://www.chess.com"]

[Event "Titled Tuesday Blitz December 13 Early 2022"]
[White "Rangel, Daniel"]
[Black "Berezin, Viktor"]
[WhiteFideId "2124475"]
[BlackFideId "14107872"]
[WhiteElo "2225"]
[BlackElo "2310"]
[Result "1/2-1/2"]
[Round "11"]
[TimeControl "180+1"]
[Date "2022.12.14"]
[WhiteClock "0:00:04"]
[BlackClock "0:00:09"]

1. d4 Nf6 2. c4 g6 3. Nc3 Bg7 4. e4 O-O 5. Nf3 d6 6. Be2 Na6 7. O-O e5 8. d5 Nc5 9. Qc2 a5 10. Ne1 Ne8 11. Nd3 b6 12. a3 f5 13. Nxc5 bxc5 14. Rb1 fxe4 15. Nxe4 Bf5 16. f3 Nf6 17. Bd3 a4 18. Bg5 Qd7 19. h3 Bxe4 20. Bxe4 Nxe4 21. fxe4 h6 22. Bd2 Kh7 23. Qd3 Rab8 24. Rxf8 Rxf8 25. Rf1 Rb8 26. Bc3 Kg8 27. Rf3 Rf8 28. Rxf8+ Kxf8 29. Kf2 Ke7 30. Ke2 Qe8 31. Qf3 Qf8 32. Qg4 Bf6 33. Qe6+ Kd8 34. Ba5 Bh4 35. Kd2 Qf2+ 36. Kc1 Qf1+ 37. Kc2 Qxc4+ 38. Kb1 Qxe4+ 39. Ka1 Be7 40. Bxc7+ Kxc7 41. Qxe7+ Kc8 42. Qe8+ Kc7 43. Qc6+ Kd8 44. Qxd6+ Ke8 45. Qxc5 Qxg2 46. d6 Qxh3 47. Qxe5+ Kd7 48. Qe7+ Kc6 49. Qc7+ Kb5 50. d7 Qh1+ 51. Ka2 Qd5+ 52. Kb1 Qd1+ 53. Ka2 Qd5+ 54. b3 Qxb3+ 55. Ka1 Qxa3+ 56. Kb1 Qd3+ 57. Kc1 Qe3+ 58. Kd1 Qd3+ 59. Kc1 Qe3+ 60. Kc2 Qe4+ 61. Kd2 Qd4+ 62. Kc2 Qe4+ 63. Kc3 Qe3+ 64. Kc2 Qe4+ 1/2-1/2


[Site "https://www.chess.com"]

[Event "Titled Tuesday Blitz December 13 Early 2022"]
[White "Redzisz, Michal"]
[Black "Zemlyanskii, Ivan"]
[WhiteFideId "21816107"]
[BlackFideId "24249971"]
[WhiteElo "2136"]
[BlackElo "2107"]
[Result "0-1"]
[Round "11"]
[TimeControl "180+1"]
[Date "2022.12.14"]
[WhiteClock "0:00:01"]
[BlackClock "0:00:15"]

1. e4 c5 2. Nf3 d6 3. d4 cxd4 4. Nxd4 Nf6 5. Nc3 a6 6. Bg5 Nbd7 7. Qe2 e6 8. O-O-O Qc7 9. f4 Be7 10. g4 b5 11. Kb1 b4 12. Na4 Bb7 13. Bg2 h6 14. Bxf6 Nxf6 15. h4 g6 16. g5 hxg5 17. hxg5 Rxh1 18. Rxh1 Nh5 19. f5 Ng3 20. Rh8+ Kd7 21. fxe6+ fxe6 22. Qg4 Rxh8 23. Nxe6 Qa5 24. Nec5+ Ke8 25. Qd7+ Kf8 26. Qxb7 dxc5 27. Nb6 Qb5 28. Qb8+ Kf7 29. Qxh8 Qxb6 30. Qh7+ Ke8 31. Bh3 Qd6 32. Qg8+ Bf8 33. c3 Qd1# 0-1


[Site "https://www.chess.com"]

[Event "Titled Tuesday Blitz December 13 Early 2022"]
[White "Rian, Kapriaga"]
[Black "Buscar, Michael"]
[WhiteFideId "7103263"]
[BlackFideId "2603616"]
[WhiteElo "2292"]
[BlackElo "2010"]
[Result "0-1"]
[Round "11"]
[TimeControl "180+1"]
[Date "2022.12.14"]
[WhiteClock "0:00:02"]
[BlackClock "0:00:20"]

1. d4 Nf6 2. Nf3 c5 3. e3 cxd4 4. exd4 e6 5. Bd3 Be7 6. O-O a6 7. Re1 O-O 8. Nbd2 d6 9. c3 Nbd7 10. Nf1 b6 11. Ng3 Bb7 12. h3 Qc7 13. Bf4 Qc6 14. Bf1 Rfe8 15. a4 Nf8 16. Qd2 Ng6 17. Be3 Nd5 18. Rec1 Rad8 19. a5 Nxe3 20. Qxe3 b5 21. c4 bxc4 22. Bxc4 Qd7 23. Bd3 Bf6 24. Be4 Bxe4 25. Nxe4 Be7 26. Rc2 Rb8 27. Rac1 Qb5 28. Qd2 Rb7 29. g3 Qd5 30. Qe1 Qf5 31. Kg2 Rb3 32. Qe2 Qxa5 33. Rc6 Rb6 34. Rc7 Qd5 35. Ra7 Reb8 36. Rc2 Bf8 37. Neg5 R8b7 38. Rxa6 h6 39. Rxb6 Rxb6 40. Ne4 Rb8 41. Rc7 Ne7 42. Qc2 Nf5 43. Nc3 Qxf3+ 44. Kxf3 Nxd4+ 45. Ke4 Nxc2 46. Na4 Rb4+ 47. Kd3 Ne1+ 48. Ke2 Re4+ 49. Kd1 Rxa4 50. Kxe1 Rb4 51. Rc2 g6 52. Kd2 d5 53. Kc1 Rc4 54. Kd2 Bb4+ 55. Kd3 Rxc2 56. Kxc2 Be1 57. Kd3 Bxf2 58. h4 Bxg3 59. h5 gxh5 60. b4 h4 61. b5 h3 62. Ke2 h2 63. b6 h1=Q 64. b7 Qg2+ 65. Kd3 h5 66. b8=Q+ Bxb8 67. Ke3 Qe4+ 68. Kf2 h4 69. Kg1 h3 70. Kf2 Bf4 71. Kg1 Qg2# 0-1


[Site "https://www.chess.com"]

[Event "Titled Tuesday Blitz December 13 Early 2022"]
[White "Rodriguez Fontecha, Marcos"]
[Black "Gonzalez, Francisco Silva"]
[WhiteFideId "2256576"]
[BlackFideId "1512285"]
[WhiteElo "2263"]
[BlackElo "2220"]
[Result "1-0"]
[Round "11"]
[TimeControl "180+1"]
[Date "2022.12.14"]
[WhiteClock "0:00:13"]
[BlackClock "0:00:48"]

1. Nf3 d5 2. g3 c6 3. Bg2 Bg4 4. Ne5 Bf5 5. c4 dxc4 6. Nxc4 Nd7 7. d4 Ngf6 8. Qb3 Be6 9. Qc2 g6 10. O-O Bg7 11. e4 Bxc4 12. Qxc4 Nb6 13. Qb3 a5 14. Nc3 a4 15. Qc2 O-O 16. Be3 e6 17. Rfd1 Qc7 18. Rac1 Rfc8 19. Qe2 Qd8 20. d5 exd5 21. e5 Nfd7 22. e6 Nf6 23. e7 Qxe7 24. Bxb6 Qb4 25. Bd4 Re8 26. Qf3 Ne4 27. Bxg7 Kxg7 28. Nxe4 dxe4 29. Qc3+ Qxc3 30. Rxc3 Re7 31. g4 f5 32. gxf5 gxf5 33. Rc5 Kf6 34. Bh3 Rg8+ 35. Kf1 Rg5 36. Rd6+ Re6 37. Rd7 Rh5 38. Bg2 b6 39. Rc3 Rxh2 40. Rh3 Rxh3 41. Bxh3 Ke5 42. Rxh7 b5 43. Rf7 Rf6 44. Rxf6 Kxf6 45. Ke2 Ke5 46. Kd2 b4 47. Bf1 Kd4 48. Bh3 Ke5 49. Bf1 Kd4 50. Ba6 f4 51. Bb7 c5 52. a3 bxa3 53. bxa3 c4 54. Bc6 c3+ 55. Kc2 e3 56. fxe3+ fxe3 57. Bb5 Kc5 58. Ba6 Kd4 59. Bd3 e2 60. Bxe2 Ke3 61. Bb5 Kd4 62. Bd3 Kc5 63. Kxc3 Kb6 64. Kb4 Kc6 65. Kxa4 Kb6 66. Kb4 Kc6 67. a4 Kb6 68. a5+ Ka7 69. Kb5 Kb8 70. Kb6 Ka8 71. a6 Kb8 72. Bf5 Ka8 73. Be4+ Kb8 74. a7+ Kc8 75. a8=Q+ Kd7 76. Qd5+ Kc8 77. Bh1 1-0


[Site "https://www.chess.com"]

[Event "Titled Tuesday Blitz December 13 Early 2022"]
[White "Roque Sola, Gisela"]
[Black "Roque Sola, Jose Luis"]
[WhiteFideId "5120241"]
[BlackFideId "5120390"]
[WhiteElo "1961"]
[BlackElo "2117"]
[Result "0-1"]
[Round "11"]
[TimeControl "180+1"]
[Date "2022.12.14"]
[WhiteClock "0:00:13"]
[BlackClock "0:00:18"]

1. e4 e6 2. d4 d5 3. Nd2 c5 4. exd5 Qxd5 5. Ngf3 cxd4 6. Bc4 Qd8 7. O-O Nf6 8. Nb3 Nc6 9. Nbxd4 Nxd4 10. Nxd4 a6 11. Bg5 Qc7 12. Bd3 Bd6 13. h3 Bf4 14. Bxf6 gxf6 15. Qf3 Bd7 16. Be4 Be5 17. Rfd1 O-O-O 18. c3 f5 19. Bc2 Rhg8 20. Ne2 Bc6 21. Rxd8+ Qxd8 22. Qe3 Rxg2+ 23. Kf1 Qc7 24. Rd1 b6 25. Nd4 Bxd4 26. Qxd4 Rh2 27. Ke2 Rxh3 28. Bb3 Bf3+ 29. Ke1 Bxd1 30. Kxd1 Rh1+ 31. Kc2 Qd7 32. Qh8+ Kb7 33. c4 Qd1+ 34. Kc3 Qe1+ 35. Kc2 Qb1+ 36. Kc3 Rh3+ 37. Kb4 a5+ 38. Ka3 Qd3 39. Qe8 Qd6+ 40. Ka4 Qb4# 0-1


[Site "https://www.chess.com"]

[Event "Titled Tuesday Blitz December 13 Early 2022"]
[White "Rosenberg, Evan S"]
[Black "Manukyan, Sargis A."]
[WhiteFideId "2019299"]
[BlackFideId "13303970"]
[WhiteElo "2426"]
[BlackElo "2187"]
[Result "1/2-1/2"]
[Round "11"]
[TimeControl "180+1"]
[Date "2022.12.14"]
[WhiteClock "0:00:06"]
[BlackClock "0:00:08"]

1. d4 Nf6 2. Nf3 g6 3. Nc3 d5 4. Bf4 Bg7 5. Nb5 Na6 6. e3 O-O 7. h3 c5 8. Be2 Ne4 9. O-O Bd7 10. a4 c4 11. c3 Bxb5 12. axb5 Nc7 13. b6 axb6 14. Rxa8 Nxa8 15. Qa4 Qe8 16. Qb4 b5 17. Ra1 Nb6 18. Ra7 Qd7 19. Ne5 Bxe5 20. Bxe5 f6 21. Bg4 e6 22. Bf4 h5 23. Bh6 Re8 24. Bf3 g5 25. Bxh5 Rb8 26. Bg6 Nd6 27. Qa5 Nbc8 28. Ra8 b6 29. Qa3 Qb7 30. Rxb8 Qxb8 31. h4 gxh4 32. Bf4 Qc7 33. Qa8 Kg7 34. Bh5 Qb7 35. Qa3 Qd7 36. Qa6 Nf5 37. Bg4 Nfe7 38. Qa8 Nd6 39. Qb8 Nf7 40. Qxb6 Ng6 41. Bxe6 Qe8 42. Bxd5 Nxf4 43. exf4 Qe1+ 44. Kh2 Qxf2 45. Qc7 Qg3+ 46. Kg1 Qe1+ 47. Kh2 Qg3+ 48. Kg1 Qe1+ 49. Kh2 Qg3+ 1/2-1/2


[Site "https://www.chess.com"]

[Event "Titled Tuesday Blitz December 13 Early 2022"]
[White "Rustemov, Alexander"]
[Black "Derraugh, Geordie"]
[WhiteFideId "4119002"]
[BlackFideId "2603950"]
[WhiteElo "2772"]
[BlackElo "2082"]
[Result "1-0"]
[Round "11"]
[TimeControl "180+1"]
[Date "2022.12.14"]
[WhiteClock "0:00:10"]
[BlackClock "0:00:03"]

1. d4 Nf6 2. c4 e6 3. Nf3 c5 4. d5 exd5 5. cxd5 d6 6. Nc3 g6 7. h3 Bg7 8. e4 O-O 9. Bd3 a6 10. a4 Nbd7 11. O-O Re8 12. Re1 Ne5 13. Nxe5 Rxe5 14. Bf4 Nh5 15. Bh2 Qh4 16. Qf3 Bd7 17. g4 Rg5 18. Bf1 Be5 19. Bxe5 dxe5 20. Bg2 Nf4 21. Qg3 Qh6 22. Ne2 Nxg2 23. Kxg2 f5 24. f3 fxg4 25. fxg4 Qg7 26. Ng1 Bxg4 27. hxg4 h5 28. Kh2 Rxg4 29. Qe3 g5 30. Rf1 Rf8 31. Nh3 Rff4 32. Nxf4 gxf4 33. Qf2 Qf6 34. Rg1 Kf7 35. Rxg4 hxg4 36. Kg2 f3+ 37. Kg1 Qf4 38. Rf1 Qxe4 39. Qd2 Qd4+ 40. Qxd4 cxd4 41. Re1 Kf6 42. Kf2 d3 43. Ke3 e4 44. Kxe4 d2 45. Rd1 f2 46. Ke3 g3 47. Kf3 Ke5 48. Kxg3 f1=Q 49. Rxf1 Kxd5 50. Kf3 Kc4 51. Ke2 Kb3 52. Kxd2 Kxb2 53. Rf7 b5 54. axb5 axb5 55. Rb7 1-0


[Site "https://www.chess.com"]

[Event "Titled Tuesday Blitz December 13 Early 2022"]
[White "Salman, Pavel"]
[Black "Ashraf, Artin"]
[WhiteFideId "24153753"]
[BlackFideId "22514805"]
[WhiteElo "2187"]
[BlackElo "2243"]
[Result "0-1"]
[Round "11"]
[TimeControl "180+1"]
[Date "2022.12.14"]
[WhiteClock "0:00:01"]
[BlackClock "0:01:08"]

1. Nf3 d5 2. g3 Nc6 3. Bg2 e5 4. O-O Nf6 5. d4 e4 6. Ne5 Bd6 7. c4 Nxe5 8. dxe5 Bxe5 9. cxd5 O-O 10. Nc3 Bf5 11. Bg5 Bxc3 12. bxc3 Qxd5 13. Bxf6 Qxd1 14. Rfxd1 gxf6 15. Rd4 Rfd8 16. Rad1 Rxd4 17. Rxd4 Re8 18. e3 c6 19. a4 h5 20. h4 Kf8 21. Bf1 Ke7 22. Be2 Bg6 23. a5 Rd8 24. Rb4 Rd7 25. g4 hxg4 26. Bxg4 f5 27. Be2 f6 28. Kg2 Bf7 29. Kg3 Kd6 30. Kf4 Be6 31. Rd4+ Ke7 32. Rb4 Rd2 33. Rxb7+ Kd6 34. h5 Rxe2 35. Kg3 Re1 36. h6 Rh1 37. h7 Bd7 38. Rxa7 Rxh7 39. a6 Rg7+ 40. Kh2 Rg8 41. Rb7 Ra8 42. a7 c5 43. Kg3 Kc6 44. Rb8 Rxa7 45. Rf8 Ra3 46. Rxf6+ Kc7 47. c4 Rc3 48. Kf4 Rxc4 49. Ke5 Rc2 50. Kd5 c4 51. Kd4 c3 52. Ra6 Rc1 53. Ra3 Rd1+ 0-1


[Site "https://www.chess.com"]

[Event "Titled Tuesday Blitz December 13 Early 2022"]
[White "Samunenkov, Ihor"]
[Black "Sjugirov, Sanan"]
[WhiteFideId "14187086"]
[BlackFideId "4189302"]
[WhiteElo "2442"]
[BlackElo "2613"]
[Result "0-1"]
[Round "11"]
[TimeControl "180+1"]
[Date "2022.12.13"]
[WhiteClock "0:00:06"]
[BlackClock "0:00:47"]

1. d4 Nf6 2. c4 e6 3. Nf3 d5 4. g3 Bb4+ 5. Bd2 Be7 6. Bg2 O-O 7. O-O Nbd7 8. Qc2 c6 9. Rd1 b6 10. Bf4 Bb7 11. Nbd2 Nh5 12. Be3 Rc8 13. Rac1 c5 14. dxc5 bxc5 15. cxd5 exd5 16. Qf5 Nhf6 17. Nb3 a5 18. Bf4 a4 19. Nbd2 Qb6 20. Ne5 Nxe5 21. Bxe5 Rfe8 22. Nb1 d4 23. Bxb7 Qxb7 24. Rc2 g6 25. Qd3 Nd5 26. a3 Bg5 27. f4 Ne3 28. Qxe3 dxe3 29. Nc3 Rxe5 0-1


[Site "https://www.chess.com"]

[Event "Titled Tuesday Blitz December 13 Early 2022"]
[White "Santos Flores, Alberto"]
[Black "Omariev, Maksim"]
[WhiteFideId "3601234"]
[BlackFideId "4193423"]
[WhiteElo "2235"]
[BlackElo "2424"]
[Result "0-1"]
[Round "11"]
[TimeControl "180+1"]
[Date "2022.12.14"]
[WhiteClock "0:00:19"]
[BlackClock "0:00:04"]

1. d4 d5 2. Nf3 Nf6 3. c4 e6 4. Nc3 Be7 5. Bf4 O-O 6. e3 b6 7. cxd5 Nxd5 8. Nxd5 exd5 9. Bd3 Bb4+ 10. Nd2 Bd6 11. Bxd6 Qxd6 12. O-O Nc6 13. Rc1 Ne7 14. Qc2 c6 15. Bxh7+ Kh8 16. Bd3 Bd7 17. Nf3 Rfc8 18. Ne5 Be8 19. Qe2 g6 20. f4 f6 21. Nf3 Bd7 22. Qf2 Kg7 23. h3 Bf5 24. Bxf5 Nxf5 25. g4 Ne7 26. g5 fxg5 27. Nxg5 Nf5 28. Nf3 Rh8 29. Kg2 c5 30. dxc5 bxc5 31. Rh1 Rae8 32. Ne5 d4 33. e4 Ne3+ 34. Kg1 Rhf8 35. Qg3 Rxe5 36. fxe5 Qc6 37. Rh2 Qxe4 38. Rf2 Rxf2 39. Kxf2 Nf5 40. Re1 Nxg3 41. Rxe4 Nxe4+ 42. Kf3 Ng5+ 43. Kf4 Ne6+ 44. Ke4 Kf7 45. a3 Ke7 46. b4 cxb4 47. axb4 Kd7 48. h4 Kc6 49. Kd3 Kd5 0-1


[Site "https://www.chess.com"]

[Event "Titled Tuesday Blitz December 13 Early 2022"]
[White "Sarana, Alexey"]
[Black "Dubov, Daniil"]
[WhiteFideId "24133795"]
[BlackFideId "24126055"]
[WhiteElo "2708"]
[BlackElo "2792"]
[Result "1/2-1/2"]
[Round "11"]
[TimeControl "180+1"]
[Date "2022.12.13"]
[WhiteClock "0:00:21"]
[BlackClock "0:01:07"]

1. d4 d5 2. c4 e6 3. Nc3 Nf6 4. Nf3 Be7 5. g3 O-O 6. Bg2 Nbd7 7. Qd3 a6 8. b3 b5 9. cxd5 exd5 10. O-O b4 11. Na4 a5 12. Bf4 Ba6 13. Qc2 Bd6 14. Rfc1 Re8 15. Bxd6 cxd6 16. e3 Nb6 17. Nxb6 Qxb6 18. Nd2 Rec8 19. Qb2 h6 20. Bh3 Rxc1+ 21. Rxc1 Bd3 22. a4 bxa3 23. Qxa3 Qb4 24. Qxb4 axb4 25. Rc8+ Rxc8 26. Bxc8 Ne4 27. Nxe4 dxe4 28. Bb7 g5 29. f3 exf3 30. Bxf3 f5 31. Bd5+ Kg7 32. Kf2 Kf6 33. Kf3 Bc2 34. Kf2 Be4 35. Bxe4 fxe4 36. g4 d5 37. h3 Kf7 38. Kg3 Ke7 39. Kg2 Ke6 40. Kg3 Ke7 41. Kg2 Ke6 42. Kg3 Ke7 1/2-1/2


[Site "https://www.chess.com"]

[Event "Titled Tuesday Blitz December 13 Early 2022"]
[White "Sargissyan, Sargis"]
[Black "Jaskolka, Tomasz"]
[WhiteFideId "13303210"]
[BlackFideId "1170791"]
[WhiteElo "2109"]
[BlackElo "2126"]
[Result "1-0"]
[Round "11"]
[TimeControl "180+1"]
[Date "2022.12.14"]
[WhiteClock "0:01:18"]
[BlackClock "0:01:20"]

1. e4 c5 2. Nf3 Nc6 3. d4 cxd4 4. Nxd4 d5 5. Nxc6 bxc6 6. exd5 Qxd5 7. Nc3 Qxd1+ 8. Nxd1 Nf6 9. Bf4 Nd5 10. Bg3 Bf5 11. c4 Nb4 12. Ne3 e6 13. a3 Nd3+ 14. Bxd3 Bxd3 15. O-O-O Bg6 16. Bd6 Bxd6 17. Rxd6 Ke7 18. Rxc6 Rhc8 19. Rxc8 Rxc8 20. Rd1 f5 21. f4 Bh5 22. Rd4 h6 23. b4 g5 24. g3 gxf4 25. gxf4 Bf3 26. c5 Bc6 27. Nc4 Rg8 28. Rd6 Bd5 29. Ne5 Rg2 30. Rd7+ Ke8 31. Rxa7 Rxh2 32. c6 Be4 33. Rh7 Kd8 34. b5 Rh1+ 35. Kd2 Rb1 36. Rd7+ Kc8 37. Nc4 Rxb5 38. Nd6+ Kb8 39. c7+ Ka7 40. Nxb5+ 1-0


[Site "https://www.chess.com"]

[Event "Titled Tuesday Blitz December 13 Early 2022"]
[White "Seifert, Henryk"]
[Black "Vifleemskaia, Svetlana"]
[WhiteFideId "1100963"]
[BlackFideId "4129490"]
[WhiteElo "2120"]
[BlackElo "1930"]
[Result "0-1"]
[Round "11"]
[TimeControl "180+1"]
[Date "2022.12.14"]
[WhiteClock "0:00:06"]
[BlackClock "0:01:00"]

1. e4 d5 2. exd5 Nf6 3. d4 Bg4 4. Be2 Bxe2 5. Qxe2 Qxd5 6. Nf3 Nc6 7. c3 O-O-O 8. Bf4 Qe4 9. Qxe4 Nxe4 10. Nbd2 Nxd2 11. Bxd2 h6 12. O-O-O e6 13. Rhe1 g5 14. h3 Bg7 15. Kc2 b5 16. Be3 Kb7 17. Nd2 f5 18. Nb3 Bf8 19. Bc1 e5 20. dxe5 Rxd1 21. Kxd1 Bg7 22. Nc5+ Kc8 23. e6 Re8 24. h4 f4 25. hxg5 hxg5 26. Rh1 Bf8 27. Nd7 Bg7 28. Nc5 Bf8 29. Rh8 Kd8 30. Nd7 Bg7 31. Rxe8+ Kxe8 32. g3 Ke7 33. gxf4 Kxe6 34. Nc5+ Kd5 35. Nd3 g4 36. Ke2 Ke4 37. Be3 a5 0-1


[Site "https://www.chess.com"]

[Event "Titled Tuesday Blitz December 13 Early 2022"]
[White "Seo, Jung Min"]
[Black "Salinas Herrera, Pablo"]
[WhiteFideId "1734687"]
[BlackFideId "3407128"]
[WhiteElo "2457"]
[BlackElo "2557"]
[Result "1-0"]
[Round "11"]
[TimeControl "180+1"]
[Date "2022.12.13"]
[WhiteClock "0:00:29"]
[BlackClock "0:00:03"]

1. e4 c5 2. Nf3 e6 3. c3 d5 4. exd5 Qxd5 5. d4 Nf6 6. Be3 cxd4 7. Nxd4 Be7 8. Nd2 O-O 9. c4 Qd7 10. Be2 Rd8 11. O-O b6 12. Bf3 Bb7 13. Bxb7 Qxb7 14. Qf3 Qxf3 15. N2xf3 Ng4 16. Rfd1 Nxe3 17. fxe3 Rc8 18. Rac1 Na6 19. Nb5 Bc5 20. Kf2 Nc7 21. Nc3 Rd8 22. Ke2 f6 23. a3 Kf7 24. b4 Be7 25. Rxd8 Rxd8 26. Nd4 Rc8 27. Nc6 Ne8 28. b5 Nd6 29. Kd3 Nb7 30. a4 a5 31. Rd1 Rc7 32. Kc2 Ke8 33. Ne2 Bc5 34. Ned4 Kf7 35. Rd3 g6 36. Nb3 Be7 37. e4 h5 38. e5 fxe5 39. Nxe5+ Kg7 40. Nc6 Bf6 41. Re3 Kf7 42. Rf3 Kg7 43. Rd3 e5 44. c5 bxc5 45. Nbxa5 e4 46. Rd5 Nxa5 47. Nxa5 Ra7 48. b6 Ra6 49. b7 Rb6 50. Rd7+ Kh6 51. Nc6 Rb2+ 52. Kc1 Rxg2 53. b8=Q e3 54. Qf8+ Kg5 55. Rd5+ Kg4 56. Qxf6 e2 57. Qg5+ Kh3 58. Rd3+ Kxh2 59. Qh4+ Kg1 60. Re3 Kf1 61. Qf4+ Rf2 62. Qe4 h4 63. Qh1# 1-0


[Site "https://www.chess.com"]

[Event "Titled Tuesday Blitz December 13 Early 2022"]
[White "Shuvalova, Polina"]
[Black "Buchenau, Frank"]
[WhiteFideId "24171760"]
[BlackFideId "4604350"]
[WhiteElo "2361"]
[BlackElo "2157"]
[Result "1-0"]
[Round "11"]
[TimeControl "180+1"]
[Date "2022.12.14"]
[WhiteClock "0:00:24"]
[BlackClock "0:00:01"]

1. d4 e6 2. Nf3 Nf6 3. Bf4 d5 4. e3 c5 5. Nbd2 Nc6 6. c3 Bd6 7. Bg3 O-O 8. Bd3 b6 9. Qe2 Bb7 10. e4 Be7 11. e5 Nh5 12. Ng5 Bxg5 13. Qxh5 g6 14. Qe2 cxd4 15. h4 Bxd2+ 16. Qxd2 dxc3 17. bxc3 d4 18. c4 Qe7 19. O-O-O Qa3+ 20. Kb1 Qb4+ 21. Qxb4 Nxb4 22. Bf1 Be4+ 23. Kb2 Rfd8 24. f3 Bb7 25. h5 g5 26. h6 d3 27. a3 Na6 28. Bxd3 Nc5 29. Bc2 Rac8 30. Rxd8+ Rxd8 31. Rh5 Rd2 32. Rxg5+ Kh8 33. Rg7 Rxg2 34. Rxh7+ Kg8 35. Rg7+ Kh8 36. Rxf7 Rxg3 37. h7 Be4 38. fxe4 Rh3 39. Rxa7 Rxh7 40. Ra8+ Kg7 41. Rb8 1-0


[Site "https://www.chess.com"]

[Event "Titled Tuesday Blitz December 13 Early 2022"]
[White "Sprenar, Petr"]
[Black "Yuan, Qingyu"]
[WhiteFideId "397164"]
[BlackFideId "8609772"]
[WhiteElo "2182"]
[BlackElo "2359"]
[Result "1/2-1/2"]
[Round "11"]
[TimeControl "180+1"]
[Date "2022.12.13"]
[WhiteClock "0:00:08"]
[BlackClock "0:00:11"]

1. d4 Nf6 2. c4 e6 3. g3 d5 4. Nf3 dxc4 5. Bg2 c5 6. O-O Nc6 7. dxc5 Qxd1 8. Rxd1 Bxc5 9. Nbd2 c3 10. bxc3 O-O 11. Nb3 Be7 12. Nfd4 Nxd4 13. Nxd4 Rd8 14. Bb2 Nd5 15. Nb5 Bd7 16. Bxd5 Bxb5 17. Bxb7 Bxe2 18. Bxa8 Bxd1 19. Be4 Bc5 20. Bc1 f5 21. Bg2 Be2 22. Bf4 Bc4 23. Bf1 Bxf1 24. Kxf1 Rd3 25. Rc1 Ba3 26. Rc2 Rd1+ 27. Ke2 Rd8 28. c4 Rc8 29. Be3 Bc5 30. Bxc5 Rxc5 31. Kd3 e5 32. f4 Kf7 33. fxe5 Rxe5 34. Kd4 Ke6 35. c5 Re4+ 36. Kd3 Kd7 37. Rf2 g6 38. Rc2 Kc6 39. Rc1 Ra4 40. Rc2 a6 41. h3 Ra3+ 42. Kd4 Ra4+ 43. Ke5 h5 44. Kf6 h4 45. gxh4 Rxh4 46. Kxg6 Rxh3 47. Kxf5 Re3 48. Kf4 Re8 49. Kf3 a5 50. Kf4 Re7 51. Kf3 Re5 52. a4 Re6 53. Kf4 Re1 54. Kf3 Re8 55. Rc4 Re1 56. Rc2 Ra1 57. Rc4 Re1 58. Kf2 Re5 59. Kf3 Rxc5 60. Rxc5+ Kxc5 61. Ke3 Kb4 62. Kd2 Kxa4 63. Kc2 Ka3 64. Kb1 Kb3 65. Ka1 Ka3 66. Kb1 a4 67. Ka1 Kb3 68. Kb1 a3 69. Ka1 a2 1/2-1/2


[Site "https://www.chess.com"]

[Event "Titled Tuesday Blitz December 13 Early 2022"]
[White "Stanisz, Patryk"]
[Black "Schut, Han"]
[WhiteFideId "1123106"]
[BlackFideId "1005561"]
[WhiteElo "2069"]
[BlackElo "2024"]
[Result "0-1"]
[Round "11"]
[TimeControl "180+1"]
[Date "2022.12.14"]
[WhiteClock "0:00:09"]
[BlackClock "0:00:16"]

1. d4 Nf6 2. c4 g6 3. Nc3 d5 4. Nf3 Bg7 5. Qb3 dxc4 6. Qxc4 O-O 7. Bf4 a6 8. Rd1 c6 9. e3 b5 10. Qd3 Nh5 11. Be5 Nd7 12. Bxg7 Nxg7 13. Be2 Qc7 14. Rc1 e5 15. O-O exd4 16. exd4 Nf6 17. d5 Rd8 18. Rfd1 Bf5 19. Qd2 b4 20. Qd4 bxc3 21. Qxf6 c2 22. Rd2 Rxd5 23. Nd4 Re8 24. Nxf5 Nxf5 25. Rdxc2 Nd4 26. Kf1 Nxe2 27. Rxe2 Rxe2 28. Kxe2 Qd7 29. Qxc6 Rd2+ 30. Ke1 Rd1+ 31. Ke2 Qd3# 0-1


[Site "https://www.chess.com"]